AoeStats
← 鄙人張麻子

Arena

505463979Analyzed
1v1 RM · 24d ago on Sep 9, 2026· 48m 44s· 2 players
Game mode
Random Map
Map size
Tiny (2 player)
Population
200
Speed
Normal
Resources
Standard
Victory
Conquest
Starting age
Dark Age
Ending age
Imperial Age
RankedLock teamsTeams togetherTeam positionsShared explorationLock speedFull tech treeHidden civsTurbo modeCheats
Victory
Defeat
🇹🇼 Magyars · Taiwan
1123
+17
🇹🇼 Spanish · Taiwan
1149
-17
鄙人張麻子
10:27 Feudal Age
12:04 Double-Bit Axe
14:29 Castle Age
12:29 Double-Bit Axe
12:26 Horse Collar
12:34 Double-Bit Axe
15:23 Bow Saw
15:23 Husbandry
16:38 Heavy Plow
20:00 Fervor
19:45 Loom
23:23 Wheelbarrow
27:52 Imperial Age
25:34 Fletching
26:12 Padded Archer Armor
26:41 Ballistics
26:17 Bodkin Arrow
26:35 Bloodlines
26:30 Gold Mining
26:33 Stone Mining
26:23 Light Cavalry
28:09 Leather Archer Armor
27:59 Loom
28:37 Bracer
29:55 Chemistry
29:12 Hand Cart
30:01 Heavy Cavalry Archer
31:27 Thumb Ring
31:30 Murder Holes
32:37 Parthian Tactics
32:46 Scale Barding Armor
32:35 Town Watch
32:56 Capped Ram
34:00 Hussar
35:38 Town Patrol
36:04 Treadmill Crane
36:35 Masonry
36:57 Chain Barding Armor
38:21 Two-Man Saw
37:58 Conscription
37:54 Recurve Bow
38:48 Plate Barding Armor
38:46 Ring Archer Armor
39:05 Scale Mail Armor
40:03 Plate Barding Armor
39:03 Elite Skirmisher
41:05 Hoardings
40:01 Sappers
43:05 Siege Engineers
46:00 Corvinian Army
肥肉天
10:38 Feudal Age
14:31 Castle Age
12:39 Double-Bit Axe
12:56 Horse Collar
15:49 Heavy Plow
16:01 Bow Saw
27:58 Imperial Age
25:34 Loom
26:24 Wheelbarrow
26:21 Town Watch
26:55 Murder Holes
27:21 Hand Cart
28:33 Ballistics
28:18 Gold Mining
28:19 Stone Mining
28:59 Supremacy
29:49 Chemistry
29:11 Sappers
30:01 Conscription
31:45 Bombard Tower
32:00 Fletching
32:10 Padded Archer Armor
32:00 Elite Skirmisher
32:46 Thumb Ring
33:11 Bodkin Arrow
34:12 Bloodlines
34:02 Husbandry
33:24 Cavalier
34:40 Bracer
36:02 Leather Archer Armor
37:00 Scale Mail Armor
37:12 Forging
37:34 Ring Archer Armor
36:42 Pikeman
37:23 Squires
37:08 Arson
37:57 Chain Mail Armor
37:13 Halberdier
39:12 Iron Casting
38:44 Scale Barding Armor
40:39 Plate Mail Armor
41:10 Blast Furnace
42:52 Two-Man Saw
42:19 Chain Barding Armor
45:26 Plate Barding Armor
Connection lost

Rejoining the realm…

Still unreachable

The connection could not be restored.

Session expired

The server has moved on; the page needs a fresh start.